 Dungeon Crawl Stone Soup version 0.31-a0-431-g88bdf31460 (webtiles) character file.

Game seed: 961757252136570116

39 sampeng1 the Ruffian (level 3, -2/27 HPs)
             Began as a Human Shapeshifter on July 31, 2023.
             Slain by Sigmund
             ... wielding a +0 scythe
              (4 damage)
             ... on level 2 of the Dungeon.
             The game lasted 00:11:20 (892 turns).

sampeng1 the Ruffian (Human Shapeshifter)            Turns: 892, Time: 00:11:20

Health: -2/27      AC:  3    Str: 17    XL:     3   Next: 67%
Magic:  3/3        EV: 12    Int:  8    God:
Gold:   101        SH:  0    Dex: 13    Spells: 2/2 levels left

rFire   . .          .
                       - Unarmed
rCold   . . .        (no shield)
rNeg    . . .        d - +0 leather armour
rPois   .            (helmet currently unavailable)
rElec   .            (cloak currently unavailable)
rCorr   .            (gloves currently unavailable)
SInv    +            (boots currently unavailable)
Will    .....        (no amulet)
Stlth   +            e - ring of see invisible
HPRegen 0.24/turn    (no ring)
MPRegen 0.08/turn

%: no passive effects
@: beast-form
A: beast (slay +2)
a: Begin Untransformation


You were on level 2 of the Dungeon.
You were a hulking beast.
You visited 1 branch of the dungeon, and saw 2 of its levels.

You collected 101 gold pieces.

Inventory:

Missiles
 f - 4 boomerangs (quivered)
Armour
 a - a +0 animal skin
 d - a +0 leather armour (worn)
Jewellery
 e - a ring of see invisible (left hand)
Talismans
 c - a beast talisman (active)
Wands
 k - a wand of flame (10)
Scrolls
 g - a scroll of torment {unknown}
 h - a scroll of enchant armour {unknown}
 i - a scroll of teleportation {unknown}
 j - a scroll of noise {unknown}
 l - a scroll of poison {unknown}
Potions
 b - a potion of lignification


   Skills:
 + Level 1.7 Fighting
 + Level 2.5 Dodging
 + Level 3.3 Unarmed Combat
 + Level 3.2 Shapeshifting


You had 2 spell levels left.
You didn't know any spells.
Your spell library contained the following spells:

 Spells                   Type           Power      Damage    Failure   Level
 Chain Lightning          Conj/Air       0%         N/A       100%        9
 Fire Storm               Conj/Fire      0%         5d1       100%        9
 Shatter                  Erth           0%         3d5*      100%        9


Dungeon Overview and Level Annotations

Branches:
Dungeon (2/15)

Altars:

Annotations:
D:2 Sigmund


Message History

You hit the rat but do no damage. The rat bites you.
You hit the rat.
You kill the rat!
You start removing your armour.
You continue taking off your +0 animal skin. x4
You finish taking off your +0 animal skin.
You start putting on your armour.
You continue putting on your +0 leather armour. x5
You finish putting on your +0 leather armour.
HP restored.
Sigmund the Dreaded comes into view.
He is wielding a +0 scythe.
Found a scroll labelled HUANAOP FELE.
Sigmund gestures at you while chanting. The magic dart hits you!
Sigmund is nearby!
Sigmund closely misses you.
Sigmund is nearby!
You hit Sigmund.
Sigmund is lightly wounded.
Sigmund hits you with a +0 scythe!
* * * LOW HITPOINT WARNING * * *
You hit Sigmund.
Sigmund is lightly wounded.
You hit Sigmund. You punch Sigmund.
Sigmund is moderately wounded.
Sigmund whispers, "You'll know eternity soon."
Sigmund gestures at you while chanting.
You are confused.
You're too confused to move!
Sigmund hits you with a +0 scythe.
* * * LOW HITPOINT WARNING * * *
You barely miss Sigmund.
Sigmund is moderately wounded.
Sigmund gestures at you while chanting. The puff of flame hits you.
* * * LOW HITPOINT WARNING * * *
Sigmund hits you from afar with a +0 scythe.
* * * LOW HITPOINT WARNING * * *
You feel less confused. Sigmund hits you with a +0 scythe.
You die...

.. #...# ..##...#
..... .......+ .....
.......# ######....
.......# #.......#
.......#######.......#
#.......[..+.......#
#.#....#####?......#
#.##......##.@h....##
#......##.##........#
###....##...........#
#......###........#
#...##.######.....#
#... .......##...#
#.....# #...
..........#.## #.....#
#...
......###.#..###.....#
.. ......
#.##†..####### .


You could see Sigmund.

Vanquished Creatures
  2 adders (D:2)
  A goblin (D:2)
  A hobgoblin (D:1)
  3 kobolds (D:1)
  A quokka (D:1)
  4 ball pythons (D:1)
  4 bats
  3 frilled lizards
  6 rats
25 creatures vanquished.

Notes
Turn   | Place    | Note
-------+----------+-------------------------------------------
     0 | D:1      | sampeng1 the Human Shapeshifter began the quest for the
                  | Orb.
     0 | D:1      | Reached XP level 1. HP: 15/15 MP: 1/1
     2 | D:1      | Noticed a draconian
     2 | D:1      | Noticed an ogre
     4 | D:1      | Noticed a human
     6 | D:1      | Noticed a meteoran
     6 | D:1      | Noticed an octopode
     8 | D:1      | Noticed a vine stalker
     8 | D:1      | Noticed a vampire
    10 | D:1      | Noticed a demigod
    10 | D:1      | Noticed a minotaur
    12 | D:1      | Noticed a demonspawn
    12 | D:1      | Noticed an armataur
    14 | D:1      | Noticed a troll
    14 | D:1      | Noticed a felid
    16 | D:1      | Noticed a naga
    18 | D:1      | Noticed a ghoul
    20 | D:1      | Noticed a spriggan
    20 | D:1      | Noticed a merfolk
    22 | D:1      | Noticed a formicid
    22 | D:1      | Noticed a gargoyle
    24 | D:1      | Noticed a tengu
    26 | D:1      | Noticed a formicid
    26 | D:1      | Noticed a draconian
   212 | D:1      | Reached XP level 2. HP: 14/21 MP: 2/2
   380 | D:1      | Found a faded altar of an unknown god.
   805 | D:2      | Reached XP level 3. HP: 17/26 MP: 3/3
   881 | D:2      | Noticed Sigmund
   890 | D:2      | HP: 1/27 [Sigmund/+0 scythe (2)]
   892 | D:2      | Slain by Sigmund

Illustrated notes

Levels and vault maps discovered:
D:1:      kb_arrival_jail, layout_rooms, serial_forest,
          infiniplex_forest_lined_room_, infiniplex_forest_straight_2,
          infiniplex_forest_lined_2, infiniplex_forest_lined_corner,
          infiniplex_forest_pool, hellmonk_ecumenical_altar_leap_of_faith,
          dreamdust_mushroom_princess, minmay_misc_feat_ornament
D:2:      layout_basic, uniq_sigmund

Action                     || total
---------------------------++-------
  Melee: Unarmed           ||    66
         Punch             ||     3
 Armour: Animal skin       ||    12
  Dodge: Dodged            ||    39
         Form:             ||     1
         Beast             ||     1

Table legend: (Time is in decaauts)
 A = Elapsed time spent in this place.
 B = Non-inter-level travel time spent in this place.
 C = Inter-level travel time spent in this place.
 D = Time resting spent in this place.
 E = Time spent auto-exploring this place.
 F = Levels seen in this place.
 G = Mean time per level.
                   A        B        C        D        E       F      G
               +--------+--------+--------+--------+--------+-----+--------+
         Total |    888 |    868 |     20 |      0 |    461 |   2 |  444.0 |
       Dungeon |    888 |    868 |     20 |      0 |    461 |   2 |  444.0 |
               +--------+--------+--------+--------+--------+-----+--------+

Top non-repeatable levels by time:
     D:1: 591 daAuts
     D:2: 297 daAuts
